 Seeded DCSS version 0.30-a0-879-ga8ba668304 (webtiles) character file.

Game seed: 20230313 (custom seed)

148 a11behringer the Ruffian (level 5, -2/41 HPs)
             Began as a Draconian Transmuter on Mar 13, 2023.
             Slain by Pimp's ghost (11 damage)
             ... on level 3 of the Dungeon.
             The game lasted 00:07:31 (2116 turns).

a11behringer the Ruffian (Draconian Transmuter)     Turns: 2116, Time: 00:07:31

Health: -2/41      AC:  5    Str: 13    XL:     5   Next: 8%
Magic:  5/8        EV: 12    Int: 15    God:
Gold:   94         SH:  0    Dex: 11    Spells: 5/8 levels left

rFire   + + .      SeeInvis .    e - +0 war axe (drain)
rCold   . . .      Faith    .    (no shield)
rNeg    . . .      Spirit   .    (body armour unavailable)
rPois   .          Reflect  .    (helmet currently unavailable)
rElec   .          Rampage  .    f - scarf {rC+ rF+}
rCorr   .                        (no gloves)
Will    .....                    (boots currently unavailable)
Stlth   +                        (no amulet)
HPRegen 0.26/turn                h - ring of fire
MPRegen 0.11/turn                (no ring)

@: appendages (expiring), very slightly contaminated
A: horns 2, talons 2, AC +5, unfitting armour, cold-blooded
a: End Transformation


You were on level 3 of the Dungeon.
You had temporarily grown beastly horns and talons.
You visited 1 branch of the dungeon, and saw 3 of its levels.

You collected 94 gold pieces.

Inventory:

Hand Weapons
 e - a +0 war axe of draining (weapon)
Missiles
 j - a throwing net
Armour
 f - a scarf of resistance (worn)
Jewellery
 h - a ring of fire (left hand)
Scrolls
 d - a scroll of identify {unknown}
 g - 2 scrolls of teleportation
 k - a scroll of fear {unknown}
Potions
 a - a potion of lignification
 b - a potion of flight {unknown}
 c - 2 potions of cancellation {unknown}
 i - 2 potions of mutation {unknown}


   Skills:
 + Level 2.2 Fighting
 * Level 2.1 Axes
 + Level 2.4 Dodging
 + Level 3.4 Unarmed Combat
 + Level 2.4 Spellcasting
 * Level 3.1 Transmutations


You had 5 spell levels left.
You knew the following spells:

 Your Spells              Type           Power      Damage    Failure   Level
a - Beastly Appendage     Tmut           22%        N/A       6%          1
b - Wereblood             Tmut           11%        N/A       9%          2

Your spell library contained the following spells:

 Spells                   Type           Power      Damage    Failure   Level
 Sting                    Tmut/Pois      24%        1d4       12%         1
 Poisonous Vapours        Pois/Air       2%         N/A       32%         2
 Spider Form              Tmut/Pois      6%         N/A       34%         3
 Ice Form                 Ice/Tmut       6%         N/A       75%         4
 Olgreb's Toxic Radiance  Pois           1%         N/A       91%         4


Dungeon Overview and Level Annotations

Branches:
Dungeon (3/15)

Altars:

Shops:
D:1 [

Annotations:
D:3 Pimp's ghost, amateur AtWr


Innate Abilities, Weirdness & Mutations

You have temporarily grown beastly horns and talons.
Your plain brown scales are hard. (AC +5)
You cannot fit into any form of body armour.
You are cold-blooded and may be slowed by cold attacks.


Message History

Confirm with . or Enter, or press ? or * to list all spells.
You grow a pair of large bovine horns.
Your feet morph into talons.
You open the door. You barely miss Pimp's ghost. You headbutt Pimp's ghost!
Pimp's ghost is moderately damaged.
Pimp's ghost hits you.
You barely miss Pimp's ghost.
Pimp's ghost is moderately damaged.
Pimp's ghost hits you. Pimp's ghost hits you!
You hit Pimp's ghost but do no damage. You headbutt Pimp's ghost.
Your punch misses Pimp's ghost.
Pimp's ghost is moderately damaged.
Pimp's ghost hits you but does no damage.
You hit Pimp's ghost but do no damage. You headbutt Pimp's ghost.
Pimp's ghost is moderately damaged.
Pimp's ghost misses you. Pimp's ghost hits you!
You slash Pimp's ghost! You claw Pimp's ghost.
Pimp's ghost is severely damaged.
Your transformation is almost over.
Pimp's ghost completely misses you.
You closely miss Pimp's ghost. Your kick misses Pimp's ghost.
Pimp's ghost is severely damaged.
Pimp's ghost hits you!
* * * LOW HITPOINT WARNING * * *
You barely miss Pimp's ghost. Your kick misses Pimp's ghost.
Your headbutt misses Pimp's ghost.
Pimp's ghost is severely damaged.
Pimp's ghost hits you.
* * * LOW HITPOINT WARNING * * *
Pimp's ghost closely misses you.
You hit Pimp's ghost. Your kick misses Pimp's ghost.
You headbutt Pimp's ghost, but do no damage.
You tail-slap Pimp's ghost.
Pimp's ghost is severely damaged.
Pimp's ghost hits you but does no damage.
You closely miss Pimp's ghost. You claw Pimp's ghost.
Your headbutt misses Pimp's ghost.
Pimp's ghost is severely damaged.
Pimp's ghost hits you!
You die...

,,,,,,,,*
#..###.###............
,,,,,,,,*
##...........#........
,,,,,,,,*
#####.......########.
,,,,,,,,*
#..####.########.
,,,,,,,,* ###..#
*#.......... ,,,,,,,,*
##....# #........##.
,,,,,,,,*
#..########.......#.
,,,,,,,,*
#...#.....#.......#.
***,,,,**
#..@W~~~~[#.......#.
*,,,,*
##..#.....#.......#.
*,,,,*
############.###.##
*,,,,* *.# *.#, **+***
*,* *,** *,* *,* *,**
*,* ***+***,** *,*
*,,,,**,*, *,*
*,,,,**,*,


You could see Pimp's ghost.

Vanquished Creatures
  An orc wizard (D:3)
  Robin (D:2)
  3 adders
  3 worms
  3 dart slugs
  4 orcs (D:3)
  7 ball pythons
  2 bats
  6 endoplasms
  5 hobgoblins
  4 jackals (D:2)
  2 kobolds
  A frilled lizard (D:1)
  15 goblins
  6 rats
63 creatures vanquished.

Notes
Turn   | Place    | Note
-------+----------+-------------------------------------------
     0 | D:1      | a11behringer the Draconian Transmuter began the quest for
                  | the Orb.
     0 | D:1      | Reached XP level 1. HP: 16/16 MP: 3/3
   114 | D:1      | Found a faded altar of an unknown god.
   121 | D:1      | Reached XP level 2. HP: 22/23 MP: 5/5
   354 | D:1      | Found Fulif's Armour Emporium.
   837 | D:2      | Noticed Robin
   849 | D:2      | HP: 1/23 [goblin/+0 club[Robin] (5)]
   852 | D:2      | Reached XP level 3. HP: 3/28 MP: 6/6
   854 | D:2      | Reached skill level 1 in Axes
  1035 | D:2      | Learned a level 2 spell: Wereblood
  1286 | D:2      | Killed Robin
  1287 | D:2      | Reached XP level 4. HP: 24/36 MP: 7/7
  2035 | D:3      | Reached XP level 5. HP: 38/41 MP: 8/8
  2076 | D:3      | Found a runed translucent door.
  2077 | D:3      | Noticed Pimp's ghost (amateur AtWr)
  2116 | D:3      | Slain by Pimp's ghost

Illustrated notes

Levels and vault maps discovered:
D:1:      dpeg_arrival_arbitrary_a, layout_loops_ring,
          nicolae_ecumenical_snake_handling, serial_shops,
          nicolae_shop_waterfront, nicolae_figureground_sparkle
D:2:      layout_rooms, uniq_robin
D:3:      layout_basic, ebering_ghost_reflecting_pool, minmay_box_of_dots

Skill      XL: |  1  2  3  4 |
---------------+-------------+-----
Dodging        | 2 |  2.4
Axes           | 1 2 |  2.1
Fighting       | 2 |  2.2
Transmutations | 3 |  3.1
Unarmed Combat | |  3.4
Spellcasting   | |  2.4

Action                     |  1- 3 |  4- 6 || total
---------------------------+-------+-------++-------
  Melee: Unarmed           |    35 |       ||    35
         Tailslap          |    13 |     7 ||    20
         War axe           |    80 |    63 ||   143
         Punch             |     4 |     2 ||     6
         Kick              |     3 |     2 ||     5
         Headbutt          |       |     4 ||     4
   Cast: Beastly Appendage |     2 |     1 ||     3
         Wereblood         |     1 |       ||     1
    Use: Scroll            |       |     6 ||     6
   Stab: Sleeping          |     1 |       ||     1
 Armour: Skin              |    51 |    22 ||    73
  Dodge: Dodged            |   123 |    46 ||   169

Table legend: (Time is in decaauts)
 A = Elapsed time spent in this place.
 B = Non-inter-level travel time spent in this place.
 C = Inter-level travel time spent in this place.
 D = Time resting spent in this place.
 E = Time spent auto-exploring this place.
 F = Levels seen in this place.
 G = Mean time per level.
                   A        B        C        D        E       F      G
               +--------+--------+--------+--------+--------+-----+--------+
         Total |   2183 |   2023 |    160 |      0 |   1593 |   3 |  727.7 |
       Dungeon |   2183 |   2023 |    160 |      0 |   1593 |   3 |  727.7 |
               +--------+--------+--------+--------+--------+-----+--------+

Top non-repeatable levels by time:
     D:1: 985 daAuts
     D:2: 876 daAuts
     D:3: 321 daAuts
